 Dungeon Crawl Stone Soup version 0.30.1-11-g7821555f0a (webtiles) character file.

Game seed: 10949388576063300333

40 fireball365 the Trooper (level 3, -7/33 HPs)
             Began as a Hill Orc Fighter on Nov 21, 2023.
             Engulfed by a cloud of flame (20 damage)
             ... on level 2 of the Dungeon.
             The game lasted 00:01:48 (694 turns).

fireball365 the Trooper (Hill Orc Fighter)           Turns: 694, Time: 00:01:49

Health: -7/33      AC: 10    Str: 20    XL:     3   Next: 50%
Magic:  3/3        EV:  9    Int:  8    God:
Gold:   44         SH:  4    Dex: 10    Spells: 2/2 levels left

rFire   . . .        a - +0 war axe
rCold   . . .        c - +0 buckler
rNeg    . . .        b - +0 scale mail
rPois   .            (no helmet)
rElec   .            e - +2 cloak
rCorr   .            (no gloves)
SInv    .            (no boots)
Will    .....        (no amulet) Stlth
                     (no ring)
HPRegen 0.25/turn    (no ring)
MPRegen 0.08/turn

%: no passive effects
@: no status effects
A: no striking features
a: no special abilities


You were on level 2 of the Dungeon.
You visited 1 branch of the dungeon, and saw 2 of its levels.

You collected 44 gold pieces.

Inventory:

Hand Weapons
 a - a +0 war axe (weapon)
Armour
 b - a +0 scale mail (worn)
 c - a +0 buckler (worn)
 e - a +2 cloak (worn)
 j - a +0 chain mail
Scrolls
 f - 3 scrolls of immolation
 i - 2 scrolls of identify {unknown}
 l - a scroll of fog {unknown}
Potions
 d - a potion of might
 g - 2 potions of ambrosia {unknown}
 h - a potion of haste {unknown}
 k - a potion of heal wounds {unknown}


   Skills:
 + Level 3.9 Fighting
 + Level 3.3 Axes
 + Level 3.7 Armour
 + Level 0.5 Dodging
 + Level 3.8 Shields


You had 2 spell levels left.
You didn't know any spells.
Your spell library was empty.

Dungeon Overview and Level Annotations

Branches:
Dungeon (2/15)

Altars:


Message History

The jackal barely misses you.
The jackal bites you but does no damage.
You hit the jackal but do no damage.
The jackal is almost dead.
The jackal bites you but does no damage.
You closely miss the jackal.
The jackal is almost dead.
The jackal bites you but does no damage. x2
You slash the jackal!
You kill the jackal!
You see here a jackal corpse.
You see here a bat corpse.
l - a scroll labelled NAHEWEYCZE You see here a bat corpse.
You see here a jackal corpse.
You now have 44 gold pieces (gained 16).
You see here 3 stones.
There is a stone staircase leading up here.
Found a stone staircase leading up.
Found a leather armour.
f - 4 scrolls labelled CIGHUI OTWI (gained 1)
A quokka comes into view.
As you read the scroll labelled CIGHUI OTWI, it crumbles to dust.
The creatures around you are filled with an inner flame!
It was a scroll of immolation.
The quokka twitches its whiskers.
The quokka barely misses you.
You hit the quokka but do no damage.
The quokka bites you but does no damage.
You hit the quokka.
Flame seeps out of the quokka.
The quokka is severely wounded.
The quokka is engulfed in blazing flames.
The quokka explodes!
The fiery explosion engulfs you!
You hear a shout!
Found 2 scrolls labelled HOZIPY WIB YQI.
You are engulfed in blazing flames.
You are engulfed in blazing flames.
Ouch! That really hurt!
You die...

.. .. ?.. ##
.# .....#..
.. ..#...
... .....
...#...#
#.#.#.#
###...§@####
......§°§..#
###...§§...#
##........#
#.........#
#.........#
#.........#
#..
#........[#
#..
#.........#
#..


There were no monsters in sight!

Vanquished Creatures
  A dart slug (D:1)
  4 ball pythons (D:1)
  2 endoplasms (D:1)
  3 giant cockroaches
  2 goblins (D:1)
  6 jackals
  2 kobolds (D:1)
  2 quokkas
  7 bats
  A frilled lizard (D:1)
  3 rats (D:1)
33 creatures vanquished.

Notes
Turn   | Place    | Note
-------+----------+-------------------------------------------
     0 | D:1      | fireball365 the Hill Orc Fighter began the quest for the
                  | Orb.
     0 | D:1      | Reached XP level 1. HP: 19/19 MP: 1/1
     8 | D:1      | Found a faded altar of an unknown god.
    85 | D:1      | Reached XP level 2. HP: 27/27 MP: 2/2
   272 | D:1      | Reached XP level 3. HP: 33/33 MP: 3/3
   694 | D:2      | Engulfed by a cloud of flame

Illustrated notes

Levels and vault maps discovered:
D:1:      onia_arrival_handbag, layout_rooms, basic_ecumenical_altar,
          minmay_misc_feat_cross
D:2:      layout_rooms, serial_rivers, chequers_serial_rivers_room_b,
          chequers_serial_rivers_micro_e, chequers_serial_rivers_marsh,
          chequers_serial_rivers_micro_a, chequers_serial_rivers_micro_a,
          chequers_serial_rivers_large_a, uniq_crazy_yiuf_cottage, uniq_sigmund

Skill      XL: |  1  2 |
---------------+-------+-----
Axes           | 3 |  3.3
Fighting       | |  3.9
Armour         | |  3.7
Dodging        | |  0.5
Shields        | |  3.8

Action                     || total
---------------------------++-------
  Melee: War axe           ||    81
    Use: Scroll            ||     1
 Armour: Scale mail        ||    87
  Dodge: Dodged            ||    81
  Block: Buckler           ||    39
